 Dungeon Crawl Stone Soup version 0.24-a0-521-g122614b (webtiles) character file.

Game seed: 12821223717535108092

456 ArcanElement the Ducker (level 6, -4/38 HPs)
             Began as a Deep Elf Wizard on July 29, 2019.
             Slain by an ogre
             ... wielding a +0 giant club
              (19 damage)
             ... on level 4 of the Dungeon.
             The game lasted 00:10:11 (4402 turns).

ArcanElement the Ducker (Deep Elf Wizard)           Turns: 4402, Time: 00:10:11

Health: -4/38      AC:  3    Str:  4    XL:     6   Next: 77%
Magic:  11/15      EV: 18    Int: 25    God:
Gold:   196        SH:  0    Dex: 13    Spells: 2/15 levels left

rFire    . . .     SeeInvis .   y - +2 quarterstaff (chaos)
rCold    . . .     Gourm    .   (shield currently unavailable)
rNeg     . . .     Faith    .   a - +0 robe
rPois    .         Spirit   .   b - +0 hat
rElec    .         Reflect  .   k - +0 cloak
rCorr    +         Harm     .   (no gloves)
MR       .....                  (no boots)
Stlth    ++........             (no amulet)
HPRegen  0.12/turn              t - ring of resist corrosion
MPRegen  0.14/turn              v - +3 ring of evasion

@: no status effects
A: no striking features
a: no special abilities


You were on level 4 of the Dungeon.
You were not hungry.

You visited 1 branch of the dungeon, and saw 5 of its levels.

You collected 196 gold pieces.

Inventory:

Hand Weapons
 j - a +3 short sword
 u - a +2 dagger of electrocution
 y - a +2 quarterstaff of chaos (weapon)
Missiles
 f - 28 arrows
 l - 5 poisoned darts (quivered)
Armour
 a - a +0 robe (worn)
 b - a +0 hat (worn)
 k - a +0 cloak (worn)
Jewellery
 t - a ring of resist corrosion (left hand)
 v - a +3 ring of evasion (right hand)
Wands
 m - a wand of polymorph (13)
 s - a wand of acid (3)
Scrolls
 g - a scroll of remove curse
 h - 2 scrolls of magic mapping {unknown}
 i - 2 scrolls of identify {unknown}
 n - a scroll of enchant armour {unknown}
 o - a scroll of fog {unknown}
 w - a scroll of random uselessness {unknown}
Potions
 c - a potion of magic {unknown}
 e - 3 potions of curing
 p - a potion of lignification {unknown}
 q - a potion of flight {unknown}
 r - a potion of berserk rage {unknown}
 x - a potion of mutation {unknown}
Comestibles
 d - 5 rations


   Skills:
 + Level 3.8 Fighting
 + Level 6.2 Dodging
 - Level 2.4 Stealth
 - Level 5.0 Spellcasting
 - Level 1.1 Conjurations
 - Level 1.1 Summonings
 - Level 1.1 Translocations


You had 2 spell levels left.
You knew the following spells:

 Your Spells              Type           Power        Failure   Level  Hunger
a - Magic Dart            Conj           ##..         5%          1    None
b - Blink                 Tloc           N/A          8%          2    None
c - Call Imp              Summ           ##......     8%          2    None
d - Slow                  Hex            #.......     12%         2    None
e - Mephitic Cloud        Conj/Pois/Air  #.......     22%         3    ##.....
f - Conjure Flame         Conj/Fire      #.......     21%         3    ##.....

Your spell library contained the following spells:

 Spells                   Type           Power        Failure   Level  Hunger


Dungeon Overview and Level Annotations

Branches:
Dungeon (5/15)
 Temple: D:4-7

Altars:
Ashenzari
Dithmenos
Elyvilon
Fedhas
Gozag
Hepliaklqana
Okawaru
Ru
Uskayaw
The Shining One

Shops:
D:4 %


Message History

You sock the ogre! You freeze the ogre.
The ogre is heavily wounded.
The ogre closely misses you.
You closely miss the ogre.
The ogre is heavily wounded.
The ogre completely misses you.
You sock the ogre! You drain the ogre.
The ogre is almost dead.
The ogre misses you.
You barely miss the ogre.
The ogre is almost dead.
The ogre hits you with a +0 giant club!
You hit the ogre but do no damage. You drain the ogre.
The ogre is almost dead.
The ogre completely misses you.
You hit the ogre.
The ogre is almost dead.
The ogre hits you with a +0 giant club!!
Ouch! That really hurt!
You die...

###§..................#
#.†....................
####.##..###...####.###
#..#....#....##.....#
#....#..#.##.#.......
##....#.......#.......
#................._...
####.#....#.###..#.......
#......#@........#.......
##.#...#.O)......##.....#
#........<......####.###
#########[..........##.........
#..............###........#.#..
#.######).......###..#.........
#.# #####........###...###.....
#.# #...####...........###.....
#.# #.<.# ##.#...#.....##.....


You could see an ogre.

Vanquished Creatures
  An ogre (D:4)
  A howler monkey (D:4)
  4 orc wizards
  An orc priest (D:4)
  Crazy Yiuf (D:4)
  An iguana (D:5)
  Robin (D:3)
  4 adders
  An ooze (D:2)
  An adder skeleton (D:4)
  2 dart slugs (D:1)
  A worm (D:2)
  2 leopard geckos
  4 orcs
  14 bats
  4 giant cockroaches
  10 goblins
  9 hobgoblins
  2 jackals (D:2)
  7 kobolds
  A quokka (D:2)
  2 ball pythons (D:3)
  4 frilled lizards
  7 rats
85 creatures vanquished.

Vanquished Creatures (collateral kills)
  A worm (D:3)
  An orc (D:4)
  3 goblins (D:3)
  A hobgoblin (D:3)
6 creatures vanquished.

Grand Total: 91 creatures vanquished

Notes
Turn   | Place    | Note
-------+----------+-------------------------------------------
     0 | D:1      | ArcanElement the Deep Elf Wizard began the quest for the
                  | Orb.
     0 | D:1      | Reached XP level 1. HP: 10/10 MP: 7/7
   124 | D:1      | Reached skill level 5 in Spellcasting
   196 | D:1      | Reached XP level 2. HP: 15/15 MP: 6/10
   508 | D:1      | Reached skill level 3 in Dodging
   627 | D:2      | Found an opulent altar of Gozag.
   634 | D:2      | Reached skill level 1 in Fighting
   634 | D:2      | Reached XP level 3. HP: 19/20 MP: 3/11
  1035 | D:2      | Found a hide-covered altar of Uskayaw.
  1037 | D:2      | Found a blossoming altar of Fedhas.
  1037 | D:2      | Found a glowing golden altar of the Shining One.
  1038 | D:2      | Found a shadowy altar of Dithmenos.
  1301 | D:2      | Found a shattered altar of Ashenzari.
  1380 | D:2      | Learned a level 2 spell: Blink
  1383 | D:2      | Learned a level 2 spell: Call Imp
  1386 | D:2      | Learned a level 2 spell: Slow
  1390 | D:2      | Learned a level 3 spell: Mephitic Cloud
  1471 | D:2      | Found a faded altar of an unknown god.
  1591 | D:2      | Reached XP level 4. HP: 26/26 MP: 0/13
  1612 | D:2      | Learned a level 3 spell: Conjure Flame
  1942 | D:3      | Found a white marble altar of Elyvilon.
  2087 | D:3      | Reached skill level 4 in Dodging
  2313 | D:3      | Noticed Robin
  2354 | D:3      | Killed Robin
  2594 | D:3      | Found an iron altar of Okawaru.
  2789 | D:4      | Noticed an ogre
  2799 | D:4      | Killed an ogre
  2799 | D:4      | Reached skill level 5 in Dodging
  2799 | D:4      | Reached XP level 5. HP: 32/32 MP: 2/14
  2937 | D:4      | Found a hazy altar of Hepliaklqana.
  3063 | D:3      | Reached XP level 6. HP: 11/37 MP: 2/15
  3749 | D:4      | Found a sacrificial altar of Ru.
  3834 | D:4      | Found Sagujec's Food Emporium.
  4019 | D:4      | Found a runed translucent door.
  4020 | D:4      | Noticed Crazy Yiuf
  4046 | D:4      | Killed Crazy Yiuf
  4199 | D:5      | Entered Level 5 of the Dungeon
  4215 | D:5      | Reached skill level 6 in Dodging
  4402 | D:4      | Slain by an ogre

Levels and vault maps discovered:
D:1:      wander_arrival_fairy_ring, layout_loops_ring
D:2:      layout_rooms, ashenzari_altar_1, grunt_temple_overflow_open,
          chequers_ecumenical_altar_simple_redux
D:3:      layout_loops_ring, lemuel_coloured_pillars_altar,
          nicolae_overflow_crystal_walls, first_ration, minmay_cut_off,
          uniq_robin
D:4:      layout_rooms, nicolae_ru_awakened_eye, old_standard_altar,
          serial_shops, kennysheep_mini, hex_large, grunt_ministairs_14,
          uniq_crazy_yiuf_cottage
D:5:      layout_loops_ring

Skill      XL: |  1  2  3  4  5  6 |
---------------+-------------------+-----
Spellcasting   | 5 |  5.0
Dodging        | 3 5 6 |  6.2
Fighting       | 1 2 3 |  3.8
Stealth        | |  2.4
Conjurations   | |  1.1
Summonings     | |  1.1
Translocations | |  1.1

Action                   |  1- 3 |  4- 6 || total
-------------------------+-------+-------++-------
Melee: Dagger            |     1 |     2 ||     3
       Short sword       |     8 |    25 ||    33
       Unarmed           |       |     5 ||     5
       Quarterstaff      |       |    16 ||    16
Throw: Dart              |       |    18 ||    18
 Cast: Magic Dart        |   102 |    84 ||   186
       Call Imp          |       |     7 ||     7
       Mephitic Cloud    |       |    10 ||    10
       Conjure Flame     |       |     5 ||     5
       Blink             |       |     8 ||     8
Evoke: Wand              |       |     2 ||     2
  Use: Potion            |       |     2 ||     2
       Scroll            |       |     1 ||     1
 Stab: Sleeping          |     1 |       ||     1
       Confused          |       |     2 ||     2
  Eat: Chunk             |     2 |     6 ||     8
       Ration            |       |     1 ||     1
Armor: Robe              |     7 |     8 ||    15
Dodge: Dodged            |    33 |    68 ||   101

Table legend:
 A = Non-vault XP
 B = Vault XP
 C = Vault XP percentage of total XP
 D = Non-vault monster count
 E = Vault monster count
 F = Vault count percentage of total count
                 A         B        C        D         E       F
            +---------+---------+-------+---------+---------+-------
      Total |     452 |     200 |  30.7 |      77 |      14 |  15.4
            +---------+---------+-------+---------+---------+-------
        D:1 |      33 |       0 |   0.0 |      17 |       0 |   0.0
        D:2 |      64 |       0 |   0.0 |      26 |       0 |   0.0
        D:3 |      87 |      31 |  26.3 |      20 |      11 |  35.5
        D:4 |     229 |     169 |  42.5 |      13 |       3 |  18.8
        D:5 |      39 |       0 |   0.0 |       1 |       0 |   0.0
            +---------+---------+-------+---------+---------+-------
